 Dungeon Crawl Stone Soup version 0.20.1-1-g8b1a95d (webtiles) character file.

115 Lanoc the Shooter (level 4, -7/38 HPs)
             Began as a Centaur Hunter on Dec 5, 2017.
             Killed by divine providence
             ... invoked by an orc priest
              (12 damage)
             ... on level 3 of the Dungeon.
             The game lasted 00:06:59 (2201 turns).

Lanoc the Shooter (Centaur Hunter)                  Turns: 2201, Time: 00:07:00

Health: -7/38      AC:  4    Str: 14    XL:     4   Next: 68%
Magic:  4/4        EV: 10    Int: 10    God:
Gold:   140        SH:  0    Dex: 11    Spells: 3/3 levels left

rFire    . . .     SeeInvis .   a - +1 shortbow
rCold    . . .     Gourm    .   (shield currently unavailable)
rNeg     . . .     Faith    .   c - +0 leather armour
rPois    .         Spirit   .   (no helmet)
rElec    .         Reflect  .   (no cloak)
rCorr    .         Harm     .   (no gloves)
MR       .....                  (no barding)
Stlth    ++........             (no amulet)
Regen    0.2/turn               x - ring of stealth
MPRegen  0.1/turn               (no ring)

@: very quick
A: hooves 3, deformed body, speed 2, tough skin 3
a: no special abilities


You were on level 3 of the Dungeon.
You were not hungry.

You visited 1 branch of the dungeon, and saw 3 of its levels.

You collected 140 gold pieces.

Inventory:

Hand Weapons
 a - a +1 shortbow (weapon)
 b - a +0 short sword
 m - a cursed +0 spear
Missiles
 d - 10 arrows (quivered)
Armour
 c - a +0 leather armour (worn)
Jewellery
 x - a ring of stealth (left hand)
Wands
 t - a wand of iceblast (4/15)
Scrolls
 e - 2 scrolls of identify {unknown}
 i - 2 scrolls of enchant armour {unknown}
 l - 3 scrolls of magic mapping {unknown}
 r - a scroll of fog {unknown}
 s - a scroll of recharging {unknown}
 v - 2 scrolls of remove curse {unknown}
 w - a scroll of enchant weapon {unknown}
Potions
 g - a potion of heal wounds {unknown}
 j - a potion of lignification {unknown}
 n - a potion of haste {unknown}
 o - 3 potions of curing {unknown}
 p - 2 potions of berserk rage {unknown}
 q - a potion of agility {unknown}
 u - a potion of resistance {unknown}
Comestibles
 f - 2 bread rations
 h - a meat ration
 k - 3 royal jellies
 z - 3 fruits
 A - 4 chunks of flesh


   Skills:
 + Level 3.2 Fighting
 * Level 6.6 Bows
 + Level 2.1 Dodging
 - Level 0.4 Stealth


You had 3 spell levels left.
You didn't know any spells.

Dungeon Overview and Level Annotations

Branches:
Dungeon (3/15)

Altars:


Innate Abilities, Weirdness & Mutations

You have hooves in place of feet.
Armour fits poorly on your strangely shaped body.
You cover ground very quickly.
You have extremely tough skin. (AC +3)


Message History

You shoot an arrow. The arrow barely misses the orc wizard.
The arrow hits the orc.
The orc is severely wounded.
Firing (i - inventory):
d - 12 arrows (quivered)
Press: ? - help, Shift-Dir - straight line, f/p - orc wizard
Aim: an orc wizard, wielding a dagger and wearing a robe (severely wounded)
You shoot an arrow.
The arrow closely misses the orc wizard.
The arrow hits the orc.
You kill the orc!
The orc priest calls upon Beogh to heal the orc wizard.
The orc wizard is healed somewhat.
Firing (i - inventory):
d - 11 arrows (quivered)
Press: ? - help, Shift-Dir - straight line, f/p - orc wizard
Aim: an orc wizard, wielding a dagger and wearing a robe (moderately wounded)
You shoot an arrow. The arrow hits the orc wizard.
The orc wizard is moderately wounded.
The orc priest mumbles some strange prayers to Beogh against you.
Beogh smites you!
You die...

#...........# #)# #...........#
#.# #..........^# #.#
#...........# #.#
############........###########.#
...........[.....................
############........#<. .........
#........#########.###
#....@.o..((o......o.#
####################.. #.(......
#........ ##### #........ ....#..
#........ ###.#.. #....#####.#
...... ...... ... ...)# #.#....
##.#


You could see an orc priest and an orc wizard.

Vanquished Creatures
  3 gnolls (D:3)
  An adder (D:2)
  An ooze (D:3)
  3 worms
  4 dart slugs (D:1)
  3 leopard geckos
  3 orcs (D:3)
  2 giant cockroaches
  6 goblins
  4 hobgoblins
  3 jackals (D:1)
  3 ball pythons (D:1)
  5 bats
  4 frilled lizards
  2 kobolds
  4 rats
51 creatures vanquished.

Vanquished Creatures (others)
  14 toadstools (D:1)
14 creatures vanquished.

Grand Total: 65 creatures vanquished

Notes
Turn   | Place    | Note
-------+----------+-------------------------------------------
     0 | D:1      | Lanoc the Centaur Hunter began the quest for the Orb.
     0 | D:1      | Reached XP level 1. HP: 17/17 MP: 1/1
   303 | D:1      | Reached XP level 2. HP: 19/24 MP: 2/2
   575 | D:1      | Reached XP level 3. HP: 30/30 MP: 3/3
   864 | D:1      | Reached skill level 6 in Bows
  1230 | D:2      | Found a faded altar of an unknown god.
  1996 | D:3      | Reached XP level 4. HP: 21/38 MP: 4/4
  2201 | D:3      | Killed from afar by an orc priest

Skill      XL: |  1  2  3  4 |
---------------+-------------+-----
Bows           | 6 |  6.6
Fighting       | 3 |  3.2
Dodging        | 2 |  2.1
Stealth        | |  0.4

Action                   |  1- 3 |  4- 6 || total
-------------------------+-------+-------++-------
 Fire: Shortbow          |   126 |    43 ||   169
  Eat: Chunk             |     2 |       ||     2
Armor: Leather armour    |    17 |       ||    17
Dodge: Dodged            |    12 |     1 ||    13
